[Event "*** Titled Tuesday Blitz"]
[Site "Chess.com"]
[Date "2019.08.06"]
[Round "9"]
[White "cancrushyou"]
[Black "marianokar"]
[Result "1-0"]
[WhiteElo "2514"]
[BlackElo "2440"]
[TimeControl "180+2"]
[EndTime "15:11:07 PDT"]
[Termination "cancrushyou won by resignation"]

1. d4 Nf6 2. c4 e6 3. g3 d5 4. Nf3 Be7 5. Bg2 O-O 6. O-O dxc4 7. Qc2 b6 8. Bg5 Nd5 9. Bxe7 Qxe7 10. Qxc4 Ba6 11. Qc2 c5 12. dxc5 Rc8 13. Qd2 Rxc5 14. Na3 Nd7 15. Rac1 Rac8 16. Rxc5 Qxc5 17. Rd1 h6 18. Ne1 N7f6 19. Nd3 Bxd3 20. Qxd3 Nb4 21. Qb3 a5 22. Bf3 h5 23. h4 g6 24. Kg2 Kg7 25.
Nb1 Qc2 26. Qxc2 Rxc2 27. a3 Nc6 28. Rd2 Rxd2 29. Nxd2 Ne5 30. b4 axb4 31. axb4 Nd5 32. Bxd5 exd5 33. Nb3 Kf6 34. Nd4 Ke7 35. Kf1 Kd6 36.
e3 Nc6 37. Nc2 d4 38. Ke2 Kd5 39. b5 d3+ 40. Kxd3 Ne5+ 41. Ke2 Kc5 42. Nd4 Nc4 43. Kd3 Nd6 44. Nf3 Nxb5 45. Ng5 Nd6 46. e4 f6 47.
Ne6+ Kc6 48. Nf8 g5 49. Nh7 gxh4 50. gxh4 f5 51. e5 Nf7 52. e6 Nd6 53. Nf6 Nc8 54.
Nxh5 Kd6 55. Ng7 Ke5 56. h5 Kf6 57. h6 Kg6 58. Nxf5 b5 59. e7 Nxe7 60. Nxe7+ Kxh6 61. Ke4 Kg5 62. Nd5 Kg6 63. Ne3 Kf6 64. f4 Ke6 65. Kd3 Kd6 66. Kc3 Kc5 67. Kb3 Kd4 68. Kb4 Kxe3 69. f5 Ke4 70. f6 Ke5 71. f7 Ke6 72.
f8=Q Kd5 73. Qc5+ Ke4 74. Kxb5 1-0

[Event "*** Titled Tuesday Blitz"]
[Site "Chess.com"]
[Date "2019.08.06"]
[Round "9"]
[White "GrandGlacier"]
[Black "Caisachess"]
[Result "0-1"]
[WhiteElo "2438"]
[BlackElo "2333"]
[TimeControl "180+2"]
[EndTime "15:11:32 PDT"]
[Termination "Caisachess won by resignation"]

1. b3 e5 2. Bb2 d6 3. e3 Nf6 4.
Nf3 Be7 5. d4 Nbd7 6. dxe5 dxe5 7. Nxe5 O-O 8. Bd3 Bb4+ 9. Nd2 Nc5 10. O-O Nxd3 11. Nxd3 Bxd2 12. Qxd2 Ne4 13. Qb4 Nf6 14.
f3 Re8 15. e4 a5 16. Qc3 Ra6 17. Nf4 Rc6 18. Qd3 Qxd3 19. cxd3 Nd7 20. Rac1 Rxc1 21. Rxc1 c6 22. Bc3 b6 23. d4 f6 24. b4 axb4 25.
Bxb4 Bb7 26. Bd6 Ra8 27. a3 Kf7 28. Kf2 g5 29. Ne2 Ke6 30. Bb4 Rc8 31. f4 c5 32.
d5+ Ke7 33. Bc3 gxf4 34. Nxf4 Ra8 35. Bb2 Ra4 36. Ke3 f5 37. exf5 Kd6 38. Rd1 b5 39. f6 b4 40. axb4 Rxb4 41. Nd3 Rb3 42. Kf4 Bxd5 43.
Ne5 Nxf6 44. Nf7+ Ke7 45. Bxf6+ Kxf7 46. Kg5 Bxg2 47. Rd7+ Ke6 48. Re7+ Kd5 49. Rxh7 Be4 50. Re7 Rf3 51. Re5+ Kd4 52. Re8+ Kd3 53. Be5 c4 54. Rd8+ Ke2 55. Bf4 c3 56. h4 c2 57. Rc8 Rf2 58.
h5 Rg2+ 59. Kf6 Kd1 60. Ke5 Bd3 61. h6 Re2+ 62. Kd4 Bf5 63. Be3 Bxc8 64. h7 Rh2 0-1

[Event "*** Titled Tuesday Blitz"]
[Site "Chess.com"]
[Date "2019.08.06"]
[Round "9"]
[White "Annawel"]
[Black "AntonSmirnov"]
[Result "0-1"]
[WhiteElo "2992"]
[BlackElo "2903"]
[TimeControl "180+2"]
[EndTime "15:11:34 PDT"]
[Termination "AntonSmirnov won by resignation"]

1. e4 e5 2. Nf3 Nf6 3. d3 Nc6 4. g3 g6 5. Bg2 Bg7 6. O-O O-O 7. Re1 d5 8. exd5 Nxd5 9. Nc3 Nxc3 10. bxc3 Rb8 11. Rb1 b6 12. Bg5 Qd6 13. Qd2 Bb7 14. Bh6 f6 15. Bxg7 Kxg7 16. h4 Ne7 17.
d4 Bxf3 18. Bxf3 exd4 19. cxd4 Nf5 20. c3 Rbe8 21. Be4 Nh6 22. Re2 Re7 23. Rbe1 Rfe8 24. h5 Nf7 25. hxg6 hxg6 26. f4 Qd7 27. Bg2 Rxe2 28.
Rxe2 Rxe2 29. Qxe2 Nd6 30. g4 Qe8 31. Qxe8 Nxe8 32.
Kf2 g5 33. Ke3 Nd6 34. Bd5 Kf8 35. a4 Ke7 36. Bb3 Kd7 37. Bd5 c6 38. Bb3 Kc7 39.
fxg5 fxg5 40. Kd3 Kb7 41. Bd1 Ka6 42. Bf3 c5 43. Bc6 Ka5 44. dxc5 bxc5 45. Bd7 Kb6 46. Be6 Kc7 47. Bd5 Kd7 48. Ba8 Ke7 49. a5 Ke6 50. Kc2 Ke5 51. Bc6 Nc4 52. a6 Ne3+ 53. Kd3 Nxg4 54. Bf3 Nf6 55. Kc4 Kd6 56. Kd3 Nd5 57. Kc4 Nc7 58. Bb7 g4 59. Kd3 g3 60.
Ke2 Nb5 61. c4 Nd4+ 62. Ke3 Ke5 63. Ba8 Nf5+ 64. Kf3 Kd4 65. Kf4 Nd6 66. Kxg3 Nxc4 67. Kf2 Kd3 68. Ke1 Ne3 69. Bf3 c4 70. Be2+ Kc2 71.
Bh5 c3 72. Ke2 Nd5 73. Bg6+ Kb2 74. Kf3 Nb4 75. Ke3 Nxa6 76. Kd4 Nc7 77. Kc5 c2 78. Bxc2 Kxc2 79. Kc6 a6 80. Kb6 Kb3 81. Ka5 Kc4 82.
Ka4 Kc5 83. Ka5 Kc6 84. Kb4 Kb6 85. Ka4 a5 86. Kb3 Kb5 87. Ka3 a4 88. Kb2 Kb4 89. Ka2 a3 90. Kb1 Kb3 91. Ka1 Nd5 92. Kb1 Nb4 93. Ka1 Nc2+ 94. Kb1 a2+ 0-1

[Event "*** Titled Tuesday Blitz"]
[Site "Chess.com"]
[Date "2019.08.06"]
[Round "9"]
[White "Manukyan_Artak"]
[Black "Etoilegeniale"]
[Result "1/2-1/2"]
[WhiteElo "2405"]
[BlackElo "2519"]
[TimeControl "180+2"]
[EndTime "15:11:39 PDT"]
[Termination "Game drawn by repetition"]

1. e4 d6 2. d4 g6 3. c4 Bg7 4. Nc3 Nf6 5. f3 O-O 6. Bg5 c5 7. d5 e6 8. Qd2 exd5 9. Nxd5 Nbd7 10. Ne2 Re8 11. Nec3 b6 12. O-O-O Bb7 13. Nxf6+ Bxf6 14. Bxf6 Qxf6 15. Qxd6 Rad8 16. Qxf6 Nxf6 17. Rxd8 Rxd8 18. Be2 Nh5 19. g3 Ng7 20. Rd1 Rxd1+ 21. Kxd1 Ne6 22. Kd2 Nd4 23. Ke3 Kf8 24. Bd1 Ke7 25. Ne2 Ne6 26. h4 f5 27. exf5 gxf5 28. Bc2 Kf6 29. Bd3 h6 30. Nf4 Nd4 31. Be2 Nc2+ 32. Kf2 Ke5 33. Bd1 Nd4 34. Ke3 a6 35. b4 Kd6 36. a3 a5 37.
bxa5 bxa5 38. g4 fxg4 39. fxg4 Ba6 40. Kd3 Nc6 41. Be2 Ke5 42. Nd5 Nd4 43. Bd1 Ne6 44.
Kc3 Bb7 45. Ne3 Kf4 46. Nd5+ Kg3 47. h5 Ng5 48. Ne7 Ne4+ 49. Kb2 Nf2 50. Nf5+ Kf4 51. Be2 Nxg4 52. Bxg4 Kxg4 53. Nxh6+ Kxh5 54. Nf7 Kg4 55. Kc3 Kf4 56. Nd6 Bc6 57. Nb5 Ke5 58.
Nc7 Kd6 59. Nb5+ Ke5 60. Nc7 a4 61. Nb5 Ke6 62. Kd3 Ke5 63. Nc3 Bd7 64. Ke3 Bc6 65.
Ne2 Bd7 66. Nf4 Bc6 67. Nd3+ Kd6 68. Kf4 Be8 69. Ne5 Bh5 70. Ke4 Be2 71. Kf4 Bf1 72. Ke4 Bg2+ 73. Kf5 Bf1 74. Ke4 Ke6 75. Kf4 Bg2 76. Nd3 Kd6 77. Ne5 Bf1 78. Ke4 1/2-1/2

[Event "*** Titled Tuesday Blitz"]
[Site "Chess.com"]
[Date "2019.08.06"]
[Round "9"]
[White "AndrewMaco"]
[Black "RoelandPruijssers"]
[Result "0-1"]
[WhiteElo "2594"]
[BlackElo "2505"]
[TimeControl "180+2"]
[EndTime "15:12:03 PDT"]
[Termination "RoelandPruijssers won by resignation"]

1. e4 d5 2. exd5 Qxd5 3. Nc3 Qa5 4. d4 Nf6 5. Nf3 Bf5 6. Ne5 c6 7. Nc4 Qc7 8. Qf3 Bg4 9. Qg3 Qxg3 10. hxg3 Nbd7 11. f3 Bf5 12. Ne3 Bg6 13. Bc4 e6 14.
Bb3 O-O-O 15. Kf2 Nb6 16. Rd1 Be7 17. Ne2 c5 18. c3 cxd4 19. cxd4 Nfd5 20. Nxd5 Nxd5 21.
Nf4 Nxf4 22. Bxf4 Bd6 23. Rac1+ Kd7 24. d5 e5 25. Be3 a6 26. g4 Rc8 27. Ke2 Rxc1 28. Rxc1 h5 29. Rh1 Rh7 30. g5 Bf5 31.
Kd2 e4 32. Bc2 Rh8 33. fxe4 Bg6 34. a3 Re8 35. Rh4 Bg3 36. Rh3 h4 37. Bd4 Bxe4 38. Bxe4 Rxe4 39. Bxg7 Rf4 40. Kd3 Rf2 41. Ke4 Rxg2 42.
Rh1 Re2+ 43. Kf3 Rd2 44. Ke4 Kd6 45. Bf8+ Kd7 46. Bg7 Re2+ 47. Kf3 Rf2+ 48. Ke4 Rf4+ 49. Ke3 Rf5 50. Ke4 Rxg5 51. Bf6 Rg6 52. Kf5 Rg8 53. a4 Rc8 54. Rd1 h3 55. Kg4 Bd6 56. Kxh3 Rc4 57. b3 Rf4 58. Bd4 Rf3+ 59. Kg4 Rxb3 60. Rf1 Ke8 61. Re1+ Kf8 62. Kf5 Rf3+ 63. Ke4 Rh3 64. Bf6 Rb3 65. Rh1 Ke8 66. Rh8+ Kd7 67. Rh7 Rb4+ 68. Ke3 Bc5+ 69. Kd3 Kd6 70. Rxf7 Kxd5 71. a5 Ke6 72. Rc7 Bd6 73. Bc3 Rb3 74. Rc4 Be5 75. Kc2 Rxc3+ 76. Rxc3 Bxc3 77. Kxc3 Kd5 78. Kb4 Kd4 79. Kb3 Kc5 80. Ka4 Kc4 0-1

[Event "*** Titled Tuesday Blitz"]
[Site "Chess.com"]
[Date "2019.08.06"]
[Round "9"]
[White "SaraciNderim"]
[Black "IMRosen"]
[Result "1-0"]
[WhiteElo "2830"]
[BlackElo "2613"]
[TimeControl "180+2"]
[EndTime "15:12:10 PDT"]
[Termination "SaraciNderim won by checkmate"]

1. d4 d5 2. Nf3 Nf6 3. c4 e6 4. Nc3 Be7 5. Bg5 O-O 6. cxd5 exd5 7. e3 Re8 8. Bd3 Nbd7 9. O-O c6 10. Rc1 Nf8 11.
h3 Ng6 12. Ne5 Nxe5 13. dxe5 Nd7 14. Bf4 Bf8 15. Bg3 Nxe5 16. Bxh7+ Kxh7 17. Qh5+ Kg8 18. Bxe5 f6 19. Bg3 Be6 20. Rfd1 Bf7 21. Qf3 Qe7 22. Ne2 Qe4 23. Qxe4 Rxe4 24. Nd4 Ree8 25. a3 a5 26. Rd2 Bg6 27. Nb3 a4 28. Nc5 Ra7 29. Rd4 b5 30.
Nd3 Ra6 31. Nb4 Bxb4 32. axb4 Bf5 33. Kf1 Bd7 34. Rc3 Kf7 35. Ke2 Ra7 36. Bd6 Rea8 37.
Rdd3 Ke6 38. Bc5 Rc7 39. f3 Rcc8 40. Kf2 Be8 41. Rd4 Bg6 42. g4 Bf7 43. e4 Kd7 44.
Re3 Re8 45. h4 Be6 46. h5 Kc7 47. Kg3 Rad8 48. Rd2 Bf7 49. Rde2 d4 50. Ra3 d3 51. Rd2 Bb3 52. Ra1 Bc2 53. Rh1 Rh8 54. Re1 Rde8 55. Re3 Rd8 56. Kf4 Rd7 57. Re1 Re8 58. Ke3 Ra8 59.
Ra1 Kd8 60. Rh2 Kc7 61. Kd2 Rh8 62. Rah1 Kd8 63. h6 g6 64. Kc3 Ke8 65. Bd4 Kf7 66.
g5 Rxd4 67. Kxd4 fxg5 68. Ke3 Kg8 69. Rg1 Kh7 70. Rxg5 Rd8 71. Rc5 Bd1 72. Rd2 Be2 73. Rxc6 Kxh6 74. Rc5 g5 75. Rxb5 Rf8 76. Rxe2 dxe2 77.
Kxe2 Rc8 78. Rc5 Rb8 79. b5 Kh5 80. f4 Kg4 81. fxg5 Kf4 82. Kd3 Rd8+ 83. Rd5 Rb8 84. g6 Kf3 85. g7 Rg8 86. Rd7 Kg2 87. b6 Rb8 88. b7 a3 89. bxa3 Re8 90. a4 Re6 91.
g8=Q+ Kf1 92. Rf7+ Ke1 93. Qg1# 1-0

[Event "*** Titled Tuesday Blitz"]
[Site "Chess.com"]
[Date "2019.08.06"]
[Round "9"]
[White "PIwan"]
[Black "JSMastropiero"]
[Result "1-0"]
[WhiteElo "2528"]
[BlackElo "2297"]
[TimeControl "180+2"]
[EndTime "15:12:14 PDT"]
[Termination "PIwan won by resignation"]

1. c4 e6 2. Nc3 d5 3. d4 Bb4 4. Qc2 Nf6 5. Nf3 O-O 6. cxd5 Qxd5 7. Bd2 Bxc3 8. bxc3 c5 9. e3 b6 10. Bd3 Ba6 11.
c4 Qd8 12. dxc5 bxc5 13. O-O Nc6 14. Rfd1 Qc7 15. Bc3 Nb4 16. Bxb4 cxb4 17. Qa4 Bb7 18. Be2 a5 19. a3 Ne4 20. Qd7 Qb6 21. Bf1 b3 22.
Qd4 Nc5 23. a4 Bc6 24. Ne5 Rfd8 25. Qf4 f6 26. Nxc6 Qxc6 27. Rd4 e5 28. Rxd8+ Rxd8 29.
Qf5 Nxa4 30. Rb1 b2 31. Qc2 Rb8 32. Bd3 Nc5 33. Bxh7+ Kf8 34. Bf5 a4 35. Rxb2 Rxb2 36. Qxb2 Qb7 37. Qa3 Qb6 38. h4 Kf7 39. h5 Qd6 40.
Bg6+ Ke6 41. Qb4 Qd1+ 42. Kh2 Qd6 43. Qa5 e4+ 44. g3 f5 45. Qa8 Nd3 46. Qe8+ Kf6 47. Qf7+ Kg5 48. Qxg7 Qf6 49. Qg8 Kh6 50. Qh7+ Kg5 51.
Bf7 Nxf2 52. Qg8+ Kh6 53. Qf8+ Qg7 54. Qd6+ Kg5 55. Qf4+ Kf6 56. Bg6 Ng4+ 57. Kg1 Qd7 58. Qf1 Qe6 59. Qa1+ Kg5 60. Qxa4 Qe5 61. Kg2 Nxe3+ 62.
Kf2 Ng4+ 63. Ke1 Qxg3+ 64. Kd1 Qd3+ 65. Kc1 Ne3 66. c5 Qc3+ 67. Kb1 Qxc5 68. Qa8 Qc2+ 69. Ka1 Qc3+ 70. Kb1 Qd3+ 71. Ka1 Nc2+ 72. Kb2 Nd4 73.
Qd8+ Kf4 74. Qh4+ Ke3 75. Qg5+ Ke2 76. Qg2+ Kd1 77. Qg1+ Kd2 78. Qf2+ Qe2 79. Qxd4+ Ke1+ 80. Kc1 e3 81. Qh4+ Qf2 82. Qh1+ Qf1 83. Qxf1+ Kxf1 84. Bxf5 Kf2 85. Bd3 Kg3 86. h6 1-0

[Event "*** Titled Tuesday Blitz"]
[Site "Chess.com"]
[Date "2019.08.06"]
[Round "9"]
[White "guillembaches"]
[Black "Karina_Ivanova"]
[Result "0-1"]
[WhiteElo "2303"]
[BlackElo "2191"]
[TimeControl "180+2"]
[EndTime "15:12:21 PDT"]
[Termination "Karina_Ivanova won on time"]

1. e4 c6 2. Nc3 d5 3. Nf3 dxe4 4. Nxe4 Nf6 5. Nxf6+ exf6 6. Bc4 Bd6 7. Qe2+ Qe7 8. Qxe7+ Bxe7 9. h3 Nd7 10. d4 Nb6 11. Bd3 Be6 12. b3 O-O 13. c4 Rfe8 14. O-O Rad8 15.
Rd1 f5 16. Bf4 Bf6 17. Be5 Nd7 18. Bc7 Rc8 19. Bf4 g6 20. Rac1 Nb6 21. Kf1 Rcd8 22. Be5 Bxe5 23. dxe5 c5 24. Ke2 f6 25. Kf1 fxe5 26. Nxe5 Nd7 27. Nf3 Nf6 28. Ng5 Bc8 29.
Bc2 h6 30. Nf3 Kg7 31. Rxd8 Rxd8 32. Re1 Re8 33. Ne5 Nd7 34. Nd3 Rxe1+ 35. Kxe1 b6 36. Nf4 Bb7 37. g3 Kf6 38. h4 Ne5 39. Kd2 g5 40.
hxg5+ hxg5 41. Nd3 Nxd3 42. Bxd3 Ke5 43. Ke3 f4+ 44.
gxf4+ gxf4+ 45. Kd2 Kd4 46. Be2 Be4 47. a3 a6 48. Bd1 Bd3 49. Bf3 a5 50. Bc6 Bf5 51.
a4 Bg4 52. Bb7 Bh3 53. Bc6 Bf5 54. Bb7 Bd3 55. Bc6 Bf1 56. Bb7 Ke5 57. Kc3 Kf5 58.
Bf3 Kg5 59. Kd2 Kh4 60. Ke1 Bd3 61. Kd2 Bf5 62. Ke1 Kh3 63. Bd5 Bc2 64. Bc6 Bxb3 65. Bb5 Bc2 66. Ke2 Be4 67. Kf1 Kg4 68. Ke2 Bf5 69.
Bc6 Kg5 70. Bb5 Kf6 71. Kf3 Ke5 72. Bc6 Bg6 73. Bb7 Bh5+ 74. Kg2 Kd4 75. Bd5 Be2 76. Kh3 Bxc4 0-1

[Event "*** Titled Tuesday Blitz"]
[Site "Chess.com"]
[Date "2019.08.06"]
[Round "9"]
[White "Chess_Boxer123"]
[Black "M1711"]
[Result "0-1"]
[WhiteElo "2440"]
[BlackElo "2568"]
[TimeControl "180+2"]
[EndTime "15:12:44 PDT"]
[Termination "M1711 won by resignation"]

1. d4 Nf6 2. Bf4 d5 3. e3 c5 4.
Nf3 Nc6 5. Nbd2 Bf5 6. dxc5 e6 7. Nd4 Bxc5 8. Nxf5 exf5 9. c3 O-O 10. Be2 Re8 11.
O-O Qd7 12. Nf3 Ne4 13. Nd4 Nxd4 14. exd4 Bd6 15. Bxd6 Qxd6 16. f3 Nf6 17. Qd2 Re7 18. Rae1 Rae8 19. Bd3 f4 20. Bb5 Rxe1 21. Rxe1 Rxe1+ 22. Qxe1 g5 23. Qe5 Qxe5 24. dxe5 Nh5 25. Bd7 Kf8 26. Bc8 b6 27. Bb7 Ke7 28. Bxd5 Ng7 29. g4 Ne6 30. b4 Nf8 31. Kf2 Nd7 32. e6 fxe6 33. Bc6 Nf6 34. Ke2 Kd6 35. Ba8 b5 36.
Kd3 Nd5 37. h3 h6 38. a3 Nb6 39. Bb7 Nc4 40. Ke4 Nxa3 41. Kd4 Nc4 42. Ba6 Kc6 43.
Bc8 e5+ 44. Kd3 Nd6 45. Be6 Kb6 46. Bd5 a5 47. bxa5+ Kxa5 48. Be6 Ka4 49. c4 bxc4+ 50. Bxc4 Kb4 51. Be6 Kc5 52. Ba2 Nb5 53. Bg8 Kd6 54. Ke4 Nd4 55. Bc4 Nc2 56. Bd3 Ne3 57. Bb1 Ke6 58. Ba2+ Kf6 59. Bb3 Nf1 60. Bd1 Nd2+ 61. Kd3 Nf1 62. Ke4 Ng3+ 63. Kd3 h5 64. gxh5 Nxh5 65. Ke2 Ng7 66. Kd3 Ne6 67. Ke4 Nd4 68. Ba4 Ne2 69. Bd7 Nc3+ 70. Kd3 Nd5 71. Bc8 Ne7 72.
Bd7 Nf5 73. Ke4 Nd6+ 74. Kd5 Nf5 75. Ke4 Ne3 76. Bc8 Nc4 77. Bd7 Nd2+ 78. Kd3 Nxf3 79. Ke4 Nd4 80. Bg4 Ne6 81. Kd5 Nd8 82. Ke4 Nf7 83. Kd5 Nh6 84. Bd1 Nf5 85. Ke4 Ng3+ 86. Kd5 e4 87. Bg4 e3 0-1

[Event "*** Titled Tuesday Blitz"]
[Site "Chess.com"]
[Date "2019.08.06"]
[Round "9"]
[White "OparinGrigoriy"]
[Black "Tjktiger"]
[Result "1/2-1/2"]
[WhiteElo "2982"]
[BlackElo "2835"]
[TimeControl "180+2"]
[EndTime "15:14:32 PDT"]
[Termination "Game drawn by repetition"]

1. g3 c5 2. Bg2 Nc6 3. Nf3 g6 4. c4 Bg7 5. Nc3 d6 6. O-O Rb8 7. e3 Nh6 8. d4 cxd4 9. exd4 Bg4 10. Re1 Nf5 11. d5 Ne5 12. Qa4+ b5 13. Nxb5 Nxf3+ 14. Bxf3 Bxf3 15. Nd4+ Qd7 16. Qxd7+ Kxd7 17. Nxf3 Rhc8 18. Re4 Rb4 19. g4 Nh6 20. Bxh6 Bxh6 21. b3 a5 22. Rae1 Re8 23. Nd4 Rb6 24. a4 Bg7 25. Nb5 g5 26. Kg2 Be5 27. h4 h6 28. hxg5 hxg5 29. Rh1 Rbb8 30.
Re3 Rh8 31. Reh3 Rxh3 32. Rxh3 Rg8 33. Kf3 f5 34. Na7 Rf8 35. gxf5 Rxf5+ 36. Ke2 Bd4 37. Nc6 Rxf2+ 38. Ke1 Rf4 39. Rh7 Bf6 40. Ke2 g4 41. Ke3 Rf3+ 42. Ke4 Rxb3 43. Rh1 Ra3 44. Rb1 Rxa4 45.
Rb7+ Kc8 46. Ra7 g3 47. Kf3 Ra3+ 48. Kg2 a4 49. Kh3 Bg5 50. Kg2 Bh4 51. Kh3 Bf6 52. Kg2 Ra1 53. Kxg3 a3 54. Kh2 a2 55. Kg2 Bg5 56. Nb4 Rb1 57. Nxa2 Ra1 58. Kf3 Kb8 59. Ra6 Kb7 60. Ra4 Bf6 61. Ke4 Kb6 62. Kd3 Be5 63. Rb4+ Kc7 64. Ra4 Kb6 65. Ra8 Kb7 66. Ra5 Kb6 67.
Rb5+ Kc7 68. Nb4 Ra3+ 69. Ke4 Rc3 70. Na6+ Kd7 71. Rb4 Ke8 72. Nc7+ Kf7 73. Ne6 Bf6 74. Ra4 Rc1 75. Kd3 Kg6 76. Ke4 Re1+ 77. Kf4 Be5+ 78. Kg4 Kf6 79. Nd8 Re3 80. Nc6 Rg3+ 81. Kh4 Rg7 82.
Ra8 Kf5 83. Rf8+ Bf6+ 84. Kh3 Kf4 85. Nxe7 Rxe7 86. Rxf6+ Ke5 87. Rg6 Rd7 88. Rg4 Ra7 89.
Kg3 Ra8 90. Kf3 Ra3+ 91. Ke2 Rh3 92. Kd2 Rf3 93. Kc2 Rh3 94. Kd2 Rf3 95. Rh4 Ra3 96. Kc2 Rf3 97. Kb2 Re3 98. Rg4 Rf3 99. Kc2 Rh3 100.
Kd2 1/2-1/2

[Event "*** Titled Tuesday Blitz"]
[Site "Chess.com"]
[Date "2019.08.06"]
[Round "10"]
[White "GremioPrudente"]
[Black "Saloni1299"]
[Result "1-0"]
[WhiteElo "2245"]
[BlackElo "2033"]
[TimeControl "180+2"]
[EndTime "15:18:13 PDT"]
[Termination "GremioPrudente won by resignation"]

1. Nf3 Nf6 2. d4 g6 3. c4 Bg7 4. Nc3 d5 5. cxd5 Nxd5 6. e4 Nxc3 7. bxc3 c5 8. Be2 Nc6 9. Be3 Qa5 10. O-O O-O 11. Qb3 cxd4 12. cxd4 Qb4 13. Qxb4 Nxb4 14. Rfc1 Be6 15. a3 Na6 16. Rab1 Rab8 17. Bf4 Rbc8 18. Rxb7 Rxc1+ 19. Bxc1 Rb8 20. Bxa6 1-0

[Event "*** Titled Tuesday Blitz"]
[Site "Chess.com"]
[Date "2019.08.06"]
[Round "10"]
[White "Triumphmate"]
[Black "ruvat"]
[Result "1/2-1/2"]
[WhiteElo "2292"]
[BlackElo "2352"]
[TimeControl "180+2"]
[EndTime "15:18:24 PDT"]
[Termination "Game drawn by agreement"]

1. e4 d6 2. d4 Nf6 3. Bd3 e5 4. c3 d5 5. dxe5 Nxe4 6. Bxe4 dxe4 7. Qxd8+ Kxd8 8. Bg5+ Be7 9. Bxe7+ Kxe7 10. Nd2 Nc6 11.
O-O-O Nxe5 12. Nxe4 Bf5 13. f3 Bxe4 14. fxe4 Rad8 15.
Nf3 Ng4 16. Rhe1 Rxd1+ 17. Kxd1 Rd8+ 18. Ke2 f6 19. h3 Ne5 1/2-1/2

[Event "*** Titled Tuesday Blitz"]
[Site "Chess.com"]
[Date "2019.08.06"]
[Round "10"]
[White "Roachelley"]
[Black "ClockworkKubrick"]
[Result "1-0"]
[WhiteElo "2218"]
[BlackElo "2168"]
[TimeControl "180+2"]
[EndTime "15:18:44 PDT"]
[Termination "Roachelley won by resignation"]

1. d4 d6 2. c4 Nf6 3. Nc3 g6 4. e4 Bg7 5. f3 O-O 6. Be3 c5 7. Nge2 Nc6 8. d5 Ne5 9. Ng3 a6 10. Be2 Rb8 11. a4 Bd7 12. O-O Qe8 13. f4 Neg4 14. Bd2 b5 15. axb5 axb5 16. h3 Nh6 17. cxb5 Bxb5 18. Nxb5 Rxb5 19. Bxb5 Qxb5 20. Bc3 Nd7 21.
Qa4 Qb7 22. Qc6 Qc8 23. Ra7 Bxc3 24. bxc3 Qxc6 25. dxc6 Nb6 26. Rb1 Nc4 27. Rxe7 Rc8 28. c7 Kg7 29. Rb8 Rxc7 30. Rxc7 1-0

[Event "*** Titled Tuesday Blitz"]
[Site "Chess.com"]
[Date "2019.08.06"]
[Round "10"]
[White "boasovietica"]
[Black "Nancy11111"]
[Result "1-0"]
[WhiteElo "2468"]
[BlackElo "2297"]
[TimeControl "180+2"]
[EndTime "15:18:49 PDT"]
[Termination "boasovietica won by resignation"]

1. e4 c5 2. Nf3 d6 3. d4 cxd4 4. Nxd4 Nf6 5. Nc3 a6 6. Bg5 e6 7. f4 Be7 8. Qf3 Qc7 9. O-O-O b5 10. Bxf6 gxf6 11. a3 Bb7 12. Qh5 Qd7 13. f5 e5 14. Ne6 Nc6 15. Nd5 Bd8 16. Nec7+ Kf8 17. Qh6+ Kg8 18. Rd3 1-0

[Event "*** Titled Tuesday Blitz"]
[Site "Chess.com"]
[Date "2019.08.06"]
[Round "10"]
[White "kinga2008"]
[Black "djano"]
[Result "0-1"]
[WhiteElo "1922"]
[BlackElo "2335"]
[TimeControl "180+2"]
[EndTime "15:18:52 PDT"]
[Termination "djano won by resignation"]

1. e4 c5 2. Nf3 Nc6 3. Bb5 e5 4. O-O Bd6 5. c3 Nge7 6. d4 cxd4 7. cxd4 exd4 8. Nxd4 O-O 9. Bg5 Qc7 10. Bxc6 dxc6 11. f4 h6 12. Bh4 Ng6 13. Bg3 Bxf4 14. Bxf4 Nxf4 15. Qd2 Ng6 16. Nc3 Rd8 17. Rad1 Bg4 18. Rc1 Qb6 19. h3 Rxd4 20. Qf2 Be6 21. b3 Rd2 22.
Qxb6 axb6 23. Na4 b5 24. Nc3 b4 25. Na4 b5 26. Nb6 Raxa2 27. Rxc6 Rxg2+ 28. Kh1 Rh2+ 0-1

[Event "*** Titled Tuesday Blitz"]
[Site "Chess.com"]
[Date "2019.08.06"]
[Round "10"]
[White "Usurpov"]
[Black "Ginzburg_Yakov"]
[Result "0-1"]
[WhiteElo "2397"]
[BlackElo "2492"]
[TimeControl "180+2"]
[EndTime "15:19:14 PDT"]
[Termination "Ginzburg_Yakov won by resignation"]

1. e4 c6 2. d4 d5 3. Nc3 dxe4 4. Nxe4 Nf6 5. Nxf6+ gxf6 6. Nf3 h5 7. g3 Bg4 8. c3 Nd7 9. h3 Bf5 10. Bg2 e6 11.
O-O Bd6 12. Re1 Qc7 13. a4 O-O-O 14. Qe2 Rdg8 15. Nh4 Bxh3 16. Bxh3 Bxg3 17. Ng2 Bd6 18. a5 a6 19. Kh1 f5 20. Qf3 Nf6 21. Bf4 Ng4 22.
Bxd6 Qxd6 23. Re2 0-1

[Event "*** Titled Tuesday Blitz"]
[Site "Chess.com"]
[Date "2019.08.06"]
[Round "10"]
[White "SoCalJuniorChess"]
[Black "dianamirza"]
[Result "1-0"]
[WhiteElo "1895"]
[BlackElo "2229"]
[TimeControl "180+2"]
[EndTime "15:19:18 PDT"]
[Termination "SoCalJuniorChess won by checkmate"]

1. c4 e5 2. Nc3 Nc6 3. g3 f5 4. Bg2 Nf6 5. d3 Bb4 6. e4 Bxc3+ 7. bxc3 O-O 8. Ne2 d6 9. O-O Qe8 10. Rb1 fxe4 11. dxe4 b6 12. h3 Qh5 13. g4 Nxg4 14.
hxg4 Bxg4 15. f3 Be6 16. Ng3 Qh4 17. Kf2 Bxc4 18. Rh1 Qe7 19. Nf5 Qf6 20. Bf1 Bxa2 21. Ra1 Be6 22. Be2 Ne7 23. Nxe7+ Qxe7 24. Be3 a5 25. Qg1 Rf7 26. Qh2 g6 27. Rag1 Raf8 28. Rxg6+ Rg7 29. Qxh7+ Kf7 30. Rxg7+ Ke8 31. Rxe7+ Kd8 32.
Rxe6 Re8 33. Rxe8+ Kxe8 34. Qg7 a4 35. Rh8# 1-0

[Event "*** Titled Tuesday Blitz"]
[Site "Chess.com"]
[Date "2019.08.06"]
[Round "10"]
[White "eCztery"]
[Black "payto1"]
[Result "1-0"]
[WhiteElo "2170"]
[BlackElo "2355"]
[TimeControl "180+2"]
[EndTime "15:19:36 PDT"]
[Termination "eCztery won by checkmate"]

1. d4 Nf6 2. Nc3 d5 3. Bf4 e6 4. e3 Be7 5. Nb5 Na6 6. c4 O-O 7. Nf3 c6 8. Nc3 Nc7 9. Ne5 dxc4 10. Bxc4 Ncd5 11. Bg3 Qa5 12. O-O Nxc3 13. bxc3 Qxc3 14.
Rc1 Qa5 15. f4 Ne4 16. Bd3 Nxg3 17. hxg3 Rd8 18. Bxh7+ Kf8 19. Qh5 g6 20. Nxg6+ fxg6 21. Qxa5 Kg7 22. Kf2 Kxh7 23. Rh1+ Kg7 24. Qe5+ Bf6 25.
Rh7+ Kxh7 26. Qxf6 Bd7 27. Rh1+ Kg8 28. Rh8# 1-0

[Event "*** Titled Tuesday Blitz"]
[Site "Chess.com"]
[Date "2019.08.06"]
[Round "10"]
[White "Iyael"]
[Black "minnesotachessmaster"]
[Result "1-0"]
[WhiteElo "2148"]
[BlackElo "1934"]
[TimeControl "180+2"]
[EndTime "15:19:39 PDT"]
[Termination "Iyael won by resignation"]

1. e4 Nf6 2. e5 Nd5 3. d4 d6 4. Nf3 Bg4 5. Be2 c6 6. c4 Nc7 7. exd6 exd6 8. Nc3 Be7 9. O-O O-O 10.
h3 Bh5 11. Bf4 Nd7 12. Qd2 Nf6 13. Rad1 Qd7 14. d5 c5 15. Rfe1 Rfe8 16. Ng5 Bxe2 17. Rxe2 Bf8 18. Rde1 Rxe2 19. Rxe2 Re8 20. a4 h6 21. Nf3 b6 22. b3 Kh7 23. Qd3+ g6 24. g4 Bg7 25. Kg2 Rxe2 26. Qxe2 Nce8 27. Ne4 Nxe4 28.
Qxe4 Nf6 29. Qe2 Ne8 30. Nd2 Nf6 31. Ne4 Ne8 32. f3 Qe7 33. Ng5+ 1-0

[Event "*** Titled Tuesday Blitz"]
[Site "Chess.com"]
[Date "2019.08.06"]
[Round "10"]
[White "Shahinyan_ChessMood"]
[Black "BlackBoarder"]
[Result "0-1"]
[WhiteElo "2754"]
[BlackElo "2691"]
[TimeControl "180+2"]
[EndTime "15:20:07 PDT"]
[Termination "BlackBoarder won by resignation"]

1. e4 e6 2. d4 d5 3. Bd3 dxe4 4. Bxe4 Nf6 5. Bf3 Bd6 6. Ne2 O-O 7. Nbc3 Nbd7 8. Bg5 e5 9. Qd2 h6 10. Bh4 Re8 11.
O-O-O e4 12. Bxf6 Nxf6 13. Rhg1 exf3 14. gxf3 Kf8 15. Rg2 Bh3 16. Rgg1 Qd7 17. Kb1 Re7 18. Ng3 Bxg3 19. fxg3 Bf5 20. g4 Bg6 21. g5 hxg5 22. Qxg5 Qf5 23. Qd2 Qxf3 24. Rg3 Qf5 25. Qg2 Rae8 26.
b3 Re2 0-1

[Event "*** Titled Tuesday Blitz"]
[Site "Chess.com"]
[Date "2019.08.06"]
[Round "10"]
[White "Quiet_Desperation"]
[Black "bluejay1897"]
[Result "1-0"]
[WhiteElo "2487"]
[BlackElo "2303"]
[TimeControl "180+2"]
[EndTime "15:20:13 PDT"]
[Termination "Quiet_Desperation won by resignation"]

1. e4 c5 2. Nf3 e6 3. d4 cxd4 4. Nxd4 Nc6 5. Nc3 Qc7 6. Nb3 Nf6 7. Bd3 Ne5 8. O-O Nxd3 9. cxd3 a6 10. a4 Bd6 11. h3 Bh2+ 12. Kh1 Bf4 13. a5 O-O 14. Qf3 Bxc1 15. Raxc1 Qe5 16. d4 Qh5 17.
Qd3 d5 18. e5 Nd7 19. Na4 f6 20. f4 f5 21. Rc7 g5 22. fxg5 Qxg5 23. Rf3 Kh8 24.
Rg3 Qd8 25. Qc3 Rb8 26. Nb6 Nxb6 27. axb6 Rg8 28. Rxg8+ Qxg8 29. Qc5 Qe8 30. Qd6 1-0

[Event "*** Titled Tuesday Blitz"]
[Site "Chess.com"]
[Date "2019.08.06"]
[Round "10"]
[White "sergiochess83"]
[Black "GMMarcinDziuba"]
[Result "1-0"]
[WhiteElo "2929"]
[BlackElo "2716"]
[TimeControl "180+2"]
[EndTime "15:20:17 PDT"]
[Termination "sergiochess83 won by resignation"]

1. e4 c6 2. d4 d5 3. e5 Bf5 4. Nf3 e6 5. Be2 Ne7 6. O-O c5 7. Na3 Nec6 8. c4 dxc4 9. Nxc4 cxd4 10. Bg5 Be7 11. Nd6+ Kf8 12. Bxe7+ Qxe7 13. Nxd4 Nxd4 14. Qxd4 Nc6 15. Qe3 g5 16. Bf3 Nd8 17. Rac1 Kg7 18. Nc8 Qb4 19. Qxg5+ 1-0